 Dungeon Crawl Stone Soup version 0.28-a0-983-g1de4e0787c (webtiles) character file.

Game seed: 16232306639342794927

4744 BinkBink the Slicer (level 10, -3/77 HPs)
             Began as a Human Monk on Dec 3, 2021.
             Was a High Priest of Dithmenos.
             Killed from afar by a manticore (9 damage)
             ... with a volley of spikes
             ... on level 8 of the Dungeon.
             The game lasted 00:28:21 (15158 turns).

BinkBink the Slicer (Human Monk)                   Turns: 15158, Time: 00:28:24

Health: -3/77      AC:  7    Str: 12    XL:     10   Next: 74%
Magic:  0/10       EV: 19    Int: 11    God:    Dithmenos [*****.]
Gold:   258        SH:  7    Dex: 25    Spells: 9/9 levels left

rFire   . . .      SeeInvis .   d - +2 dagger (speed)
rCold   . . .      Faith    .   A - +0 buckler
rNeg    . . .      Spirit   +   b - +0 robe
rPois   .          Reflect  .   (no helmet)
rElec   .          Harm     .   (no cloak)
rCorr   .          Rampage  .   J - +0 pair of gloves
Will    .....                   (no boots)
Stlth   ++++++....              x - amulet of guardian spirit
HPRegen 0.22/turn               t - +4 ring of protection
MPRegen 0.12/turn               F - +6 ring of dexterity

@: about to teleport, spiked, wreathed by umbra, studying Short Blades
A: no striking features
a: Renounce Religion, Shadow Step, Shadow Form


You were on level 8 of the Dungeon.
You worshipped Dithmenos.
Dithmenos was extremely pleased with you.
You visited 1 branch of the dungeon, and saw 10 of its levels.
You also visited: Ossuary.

You collected 460 gold pieces.
You spent 202 gold pieces at shops.

Inventory:

Hand Weapons
 a - a +0 short sword
 d - a +2 dagger of speed (weapon)
 j - a +2 dagger of protection
 M - a +4 dagger
Armour
 b - a +0 robe (worn)
 A - a +0 buckler (worn)
 J - a +0 pair of gloves (worn)
Jewellery
 t - a +4 ring of protection (left hand)
 u - a ring of positive energy
 x - an amulet of guardian spirit (around neck)
 D - a ring of fire
 F - a +6 ring of dexterity (right hand)
 K - a ring of protection from cold
Wands
 m - a wand of iceblast (9)
 q - a wand of flame (32)
 G - a wand of charming (4)
Scrolls
 c - 6 scrolls of noise
 e - a scroll of silence
 f - 2 scrolls of fog
 l - a scroll of enchant weapon {unknown}
 r - a scroll of magic mapping {unknown}
 s - 3 scrolls of vulnerability
 w - a scroll of amnesia
 y - 3 scrolls of teleportation
 E - a scroll of brand weapon {unknown}
 H - a scroll of fear
 L - a scroll of identify
Potions
 g - a potion of haste {unknown}
 h - a potion of attraction {unknown}
 k - 3 potions of magic
 n - 5 potions of curing
 o - 2 potions of brilliance
 p - 2 potions of lignification
 v - 4 potions of mutation
 z - a potion of might {unknown}
 B - a potion of invisibility {unknown}
 C - a potion of resistance {unknown}
 N - a potion of degeneration {unknown}


   Skills:
 + Level 6.9 Fighting
 + Level 10.7 Short Blades
 + Level 7.9 Dodging
 + Level 6.0 Stealth
 * Level 5.7 Shields


You had 9 spell levels left.
You didn't know any spells.
Your spell library contained the following spells:

 Spells                   Type           Power      Damage    Failure   Level
 Slow                     Hex            0%         N/A       34%         1
 Ensorcelled Hibernation  Hex/Ice        0%         N/A       47%         2
 Passwall                 Tmut/Erth      0%         N/A       47%         2
 Confusing Touch          Hex            0%         N/A       71%         3
 Ignite Poison            Fire/Tmut/Pois 0%         N/A       71%         3
 Mephitic Cloud           Conj/Pois/Air  0%         N/A       71%         3
 Spider Form              Tmut/Pois      0%         N/A       71%         3
 Swiftness                Air            0%         N/A       71%         3
 Vampiric Draining        Necr           0%         2d6       71%         3
 Hailstorm                Conj/Ice       0%         3d3       98%         4
 Ice Form                 Ice/Tmut       0%         N/A       98%         4
 Fireball                 Conj/Fire      0%         3d3       100%        5
 Freezing Cloud           Conj/Ice/Air   0%         6-21      100%        5
 Iskenderun's Battlesphe  Conj           0%         2d6       100%        5
 Conjure Ball Lightning   Conj/Air       0%         3x3d6     100%        6
 Simulacrum               Ice/Necr       0%         N/A       100%        6
 Orb of Destruction       Conj           0%         N/A       100%        7


Dungeon Overview and Level Annotations

Branches:
Dungeon (10/15)            Temple (0/1) D:7            Lair (0/6) D:8
Ossuary (visited)
    Orc: D:9-12

Altars:
Ashenzari
Dithmenos
Elyvilon
Gozag
Hepliaklqana
Makhleb
Qazlal
Sif Muna
Trog
Xom
Yredelemnul

Shops:
D:8 ?


Message History

The cyclops is heavily wounded.
Your shadow hits the cyclops but does no damage.
The manticore bites you!
The manticore misses you. x2; The cyclops hits you!
You are too injured to fight recklessly!
You are too injured to fight recklessly!
You are too injured to fight recklessly!
You are too injured to fight recklessly!
You are too injured to fight recklessly!
The manticore flicks its tail.
You block the volley of spikes.
You close the door.
A cyclops opens the door.
The manticore flicks its tail.
The volley of spikes hits you!
The barbed spikes become lodged in your body.
* * * LOW HITPOINT WARNING * * *
You close the door.
A cyclops opens the door.
You close the door.
A cyclops opens the door.
The manticore flicks its tail.
The volley of spikes hits you!
The barbed spikes become lodged in your body.
* * * LOW HITPOINT WARNING * * *
You close the door.
A cyclops opens the door.
You close the door.
As you read the scroll of teleportation, it crumbles to dust.
You feel strangely unstable.
A cyclops opens the door.
Really read the scroll of immolation?
As you read the scroll of immolation, it crumbles to dust.
The creatures around you are filled with an inner flame!
You carefully extract the barbed spikes from your body.
The manticore bites you.
* * * LOW HITPOINT WARNING * * *
The manticore closely misses you. The manticore barely misses you.
Blink to where?
Press: ? - help, Dir - move target
As you read the scroll of blinking, it crumbles to dust.
The manticore flicks its tail.
The volley of spikes hits you!
The barbed spikes become lodged in your body.
You die...

≈≈..##..........#.#######.####.#.
....##.#####.####.# #.# #.#.
......### #.# #(# #.# #.#.
≈.......# #.###### ######.#.
....###.# #.#...# #.)..... ≈≈≈.#
#.# #.B...# #....... ≈...# #.#
###...#... #.###.#. ....###.#
##+###'## #.# #.#. ≈....##.#
#..@#|./# #.# #.## ≈....##.#
#...#...# #.# #.## ≈≈...##<##
#§..#?.|# #.# #.## .≈.......#
##H###### #.###.#. ..≈.####.#
#C..#...# #....... ....# #.#
#.(.'...+ #..#.... #.### #.#
#...#...# #(...... #.# #.#
################...... ..## #.#
#.....# #.#.###.#..


You could see a manticore (inner flame) and a cyclops (inner flame).

Vanquished Creatures
  A centaur warrior (D:8)
  A troll (D:8)
  A slime creature (D:8)
  A shadow (D:9)
  2 wyverns
  4 yaks (D:9)
  A basilisk (D:8)
  3 water moccasins
  An ice beast (D:5)
  A black bear (D:7)
  A necrophage (D:8)
  A wolf (D:8)
  2 centaurs
  A kobold brigand (D:9)
  An elf zombie (Ossuary)
  2 bullfrogs (D:7)
  2 scorpions
  A water moccasin skeleton (D:5)
  3 wights (D:5)
  2 howler monkeys
  2 bullfrog zombies (D:5)
  2 orc priests (D:5)
  5 centaur zombies
  2 gnoll shamans (D:7)
  9 hounds
  A bullfrog skeleton (D:5)
  2 iguanas
  7 orc wizards
  2 mummies (Ossuary)
  A howler monkey zombie (D:9)
  7 gnolls (D:7)
  A howler monkey skeleton (D:6)
  4 adders
  An adder skeleton (D:4)
  4 worms
  A dart slug (D:2)
  12 orcs
  4 ball pythons
  10 endoplasms
  5 giant cockroaches
  8 goblins
  5 hobgoblins
  9 kobolds
  8 quokkas
  4 bats
  2 frilled lizards
  13 hobgoblin zombies (Ossuary)
  A jackal zombie (Ossuary)
  10 kobold zombies (Ossuary)
  9 orc zombies (Ossuary)
  4 rats
187 creatures vanquished.

Vanquished Creatures (others)
  A bullfrog (D:8)
1 creature vanquished.

Grand Total: 188 creatures vanquished

Notes
Turn   | Place    | Note
-------+----------+-------------------------------------------
     0 | D:1      | BinkBink the Human Monk began the quest for the Orb.
     0 | D:1      | Reached XP level 1. HP: 18/18 MP: 1/1
   287 | D:1      | Reached XP level 2. HP: 24/24 MP: 2/2
  1116 | D:2      | Reached XP level 3. HP: 20/29 MP: 3/3
  2015 | D:2      | Found a faded altar of an unknown god.
  2016 | D:2      | Noticed a shining eye
  2037 | D:2      | Noticed a floating eye
  2057 | D:2      | Noticed an eye of devastation
  2061 | D:2      | Noticed a shining eye
  2106 | D:2      | Reached XP level 4. HP: 30/35 MP: 4/4
  2124 | D:2      | Prayed at the altar of an unknown god.
  2124 | D:2      | Became a worshipper of Dithmenos the Shadowed
  2124 | D:2      | Reached * piety under Dithmenos
  2124 | D:2      | Reached ** piety under Dithmenos
  2459 | D:2      | Reached *** piety under Dithmenos
  2772 | D:2      | Noticed a scorpion
  2843 | D:2      | Killed a scorpion
  2844 | D:2      | Reached skill level 4 in Short Blades
  2844 | D:2      | Reached XP level 5. HP: 11/41 MP: 5/5
  3536 | D:3      | Found a shadowy altar of Dithmenos.
  3801 | D:3      | Found a white marble altar of Elyvilon.
  4189 | D:4      | Found a stormy altar of Qazlal.
  4733 | D:4      | Found a broken altar of Ashenzari.
  4833 | D:4      | Reached XP level 6. HP: 48/48 MP: 6/6
  5074 | D:5      | Entered Level 5 of the Dungeon
  5121 | D:5      | Found a sand-covered staircase.
  5125 | Ossuary  | Entered an ossuary
  5340 | Ossuary  | Reached **** piety under Dithmenos
  5436 | Ossuary  | Reached skill level 5 in Short Blades
  5552 | Ossuary  | Reached XP level 7. HP: 33/53 MP: 7/7
  6183 | D:5      | Reached skill level 6 in Short Blades
  6317 | D:5      | Reached XP level 8. HP: 61/61 MP: 8/8
  6466 | D:5      | Found a bloodstained altar of Trog.
  6504 | D:5      | Found a basalt altar of Yredelemnul.
  6506 | D:5      | Found a shimmering blue altar of Sif Muna.
  6559 | D:5      | Found a burning altar of Makhleb.
  6660 | D:5      | Reached skill level 5 in Dodging
  6660 | D:5      | Reached skill level 1 in Shields
  7158 | D:6      | Reached skill level 7 in Short Blades
  7552 | D:6      | Reached skill level 5 in Fighting
  8310 | D:7      | You fall into a shaft and drop 3 floors!
  8310 | D:10     | Entered Level 10 of the Dungeon
  8310 | D:10     | Noticed a troll
  8556 | D:10     | Noticed a wyvern
  8567 | D:9      | Noticed a wyvern
  8902 | D:9      | Noticed a yak
  8905 | D:9      | Noticed a yak
  8929 | D:9      | Noticed a shadow
  9197 | D:8      | Found Alobbukk's Magic Scroll Shop.
  9257 | D:7      | Reached XP level 9. HP: 58/68 MP: 9/9
  9652 | D:7      | Found an opulent altar of Gozag.
  9695 | D:7      | Reached skill level 5 in Stealth
  9823 | D:7      | Reached skill level 8 in Short Blades
 10279 | D:7      | Found a staircase to the Ecumenical Temple.
 10344 | D:7      | Reached ***** piety under Dithmenos
 10567 | D:8      | Found a shimmering altar of Xom.
 10658 | D:8      | Noticed a slime creature
 10689 | D:8      | Killed a slime creature
 10854 | D:8      | Reached skill level 9 in Short Blades
 10902 | D:8      | Noticed a centaur warrior
 10945 | D:8      | Killed a centaur warrior
 10946 | D:8      | Reached XP level 10. HP: 27/76 MP: 0/10
 11293 | D:8      | Reached skill level 10 in Short Blades
 11455 | D:8      | Found a hazy altar of Hepliaklqana.
 11852 | D:8      | Bought a scroll of fear for 38 gold pieces
 11852 | D:8      | Bought a scroll of blinking for 82 gold pieces
 11852 | D:8      | Bought a scroll of fear for 38 gold pieces
 11852 | D:8      | Bought a scroll of identify for 22 gold pieces
 11852 | D:8      | Bought a scroll of identify for 22 gold pieces
 11903 | D:8      | Found a staircase to the Lair.
 12283 | D:8      | Reached skill level 5 in Shields
 12640 | D:8      | Noticed a boulder beetle
 13900 | D:8      | Noticed a cyclops
 14531 | D:9      | Noticed a two-headed ogre
 14821 | D:9      | Noticed a kobold demonologist
 14822 | D:9      | Noticed a centaur warrior
 14822 | D:9      | Noticed a six-headed hydra
 14823 | D:9      | Noticed a freezing wraith
 14823 | D:9      | Noticed a purple ugly thing
 14898 | D:9      | Noticed a tengu warrior
 14991 | D:8      | Noticed a manticore
 15158 | D:8      | Killed from afar by a manticore

Illustrated notes

Levels and vault maps discovered:
D:1:      dpeg_arrival_line_fractal, layout_loops_ring, minmay_pentomino_v4
D:2:      minmay_spotlight, layout_basic, hellmonk_ecumenical_altar_watching_god
D:3:      layout_basic, lemuel_doored_altar, nicolae_dithmenos_shadow_blocks
D:4:      layout_rooms, grunt_qazlal_clouds, nicolae_ashenzari_panopticon
D:5:      kennysheep_six_static_rooms, layout_rooms, bloody_trog,
          old_standard_altar, overflow_temple_1_default,
          yredelemnul_altar_generic, nicolae_ossuary_entry_false_entrances,
          grunt_decor_junction
D:6:      layout_basic
D:7:      layout_rooms, mainiacjoe_overflow_catwalk,
          minmay_temple_entry_antechambers, hangedman_decor_growths
D:8:      layout_loops_ring, mainiacjoe_overflow_boulevard, marbit_many_paths,
          erik_lair_island, serial_shops, kennysheep_mini, minmay_evil_grid
D:9:      minmay_bloctagon, layout_cave_pools, kennysheep_mini_moat,
          nicolae_wwwww
D:10:     minmay_flawed_box, layout_layer_cave, nicolae_overflow_crystal_walls,
          nrook_pool_corridor, eino_jars

Skill      XL: |  1  2  3  4  5  6  7  8  9 10 |
---------------+-------------------------------+-----
Short Blades   | 4 5 6 7 9 10 | 10.7
Stealth        | 3 4 5 6 |  6.0
Dodging        | 4 5 6 7 |  7.9
Fighting       | 4 5 6 |  6.9
Shields        | 2 4 5 |  5.7

Action                   |  1- 3 |  4- 6 |  7- 9 | 10-12 || total
-------------------------+-------+-------+-------+-------++-------
Melee: Short sword       |   129 |    11 |       |       ||   140
       Dagger            |       |   349 |   601 |   606 ||  1556
  Use: Potion            |       |     2 |     1 |     1 ||     4
       Scroll            |       |       |    12 |     7 ||    19
 Stab: Sleeping          |     6 |    18 |     9 |       ||    33
       Distracted        |       |       |       |     1 ||     1
Armor: Robe              |    14 |    53 |    59 |    25 ||   151
Dodge: Dodged            |    67 |   150 |   250 |   217 ||   684
Block: Buckler           |       |       |    11 |    71 ||    82

Table legend: (Time is in decaauts)
 A = Elapsed time spent in this place.
 B = Non-inter-level travel time spent in this place.
 C = Inter-level travel time spent in this place.
 D = Time resting spent in this place.
 E = Time spent auto-exploring this place.
 F = Levels seen in this place.
 G = Mean time per level.
                   A        B        C        D        E       F      G
               +--------+--------+--------+--------+--------+-----+--------+
         Total |  14263 |  13948 |    315 |      0 |  11113 |  11 | 1296.6 |
       Dungeon |  13686 |  13371 |    315 |      0 |  10842 |  10 | 1368.6 |
       Ossuary |    577 |    577 |      0 |      0 |    271 |   1 |  577.0 |
               +--------+--------+--------+--------+--------+-----+--------+

Top non-repeatable levels by time:
     D:8: 3209 daAuts
     D:2: 1727 daAuts
     D:1: 1569 daAuts
     D:9: 1469 daAuts
     D:6: 1374 daAuts
     D:5: 1248 daAuts
     D:3: 1082 daAuts
     D:7: 1039 daAuts
     D:4: 635 daAuts
 Ossuary: 577 daAuts
    D:10: 329 daAuts
